 Dungeon Crawl Stone Soup version 0.31.0-12-g77e489cdc1 (webtiles) character file.

Game seed: 17020869653787168764

17 ezpacito the Apothecary (level 2, 19/19 HPs)
             Began as a Demonspawn Alchemist on Feb 15, 2024.
             Quit the game on level 2 of the Dungeon.
             The game lasted 00:03:15 (943 turns).

ezpacito the Apothecary (Demonspawn Alchemist)       Turns: 943, Time: 00:03:16

Health: 19/19      AC:  7    Str:  8    XL:     2   Next: 44%
Magic:  5/5        EV:  8    Int: 15    God:
Gold:   49         SH:  0    Dex: 13    Spells: 4/5 levels left

rFire   . . .        i - +0 short sword
rCold   . . .        (no shield)
rNeg    . . .        f - +0 scale mail
rPois   .            (no helmet)
rElec   .            (no cloak)
rCorr   .            (no gloves)
SInv    .            h - +0 pair of boots
Will    .....        (no amulet)
Stlth   +            (no ring)
HPRegen 0.23/turn    (no ring)
MPRegen 0.09/turn

%: no passive effects
@: no status effects
A: weakness stinger 1
a: no special abilities


You were on level 2 of the Dungeon.
You visited 1 branch of the dungeon, and saw 2 of its levels.

You collected 49 gold pieces.

Inventory:

Hand Weapons
 i - a +0 short sword (weapon)
 p - a +0 war axe
Missiles
 d - 15 stones
Armour
 a - a +0 robe
 f - a +0 scale mail (worn)
 h - a +0 pair of boots (worn)
 j - a +0 leather armour
 m - a +0 chain mail
Scrolls
 c - a scroll of enchant weapon {unknown}
 e - a scroll of fog {unknown}
 n - a scroll of poison {unknown}
 o - a scroll of identify {unknown}
Potions
 b - a potion of magic
 g - a potion of mutation {unknown}
 k - a potion of berserk rage {unknown}
 l - a potion of might {unknown}


   Skills:
 + Level 0.1 Fighting
 + Level 0.0 Short Blades
 + Level 0.3 Armour
 * Level 2.0 Dodging
 * Level 1.9 Stealth
 + Level 0.0 Unarmed Combat
 * Level 2.1 Spellcasting
 * Level 1.4 Conjurations
 * Level 3.1 Alchemy


You had 4 spell levels left.
You knew the following spells:

 Your Spells              Type           Power      Damage    Failure   Level
a - Sting                 Conj/Alch      32%        1d5       65%         1

Your spell library contained the following spells:

 Spells                   Type           Power      Damage    Failure   Level
 Mercury Vapours          Alch/Air       12%        N/A       87%         2
 Mephitic Cloud           Conj/Alch/Air  6%         N/A       98%         3
 Olgreb's Toxic Radiance  Alch           10%        N/A       99%         4
 Sticky Flame             Fire/Alch      6%         2d4       100%        4


Dungeon Overview and Level Annotations

Branches:
Dungeon (1/15)

Altars:


Innate Abilities, Weirdness & Mutations

You have a small tail.


Message History

You hit the giant cockroach but do no damage.
The giant cockroach is severely wounded.
The giant cockroach bites you but does no damage.
You closely miss the giant cockroach. You tail-slap the giant cockroach.
You kill the giant cockroach!
No target in view!
No target in view!
No target in view!
No target in view!
No target in view!
You now have 49 gold pieces (gained 12).
You open the door.
A kobold comes into view. It is wielding a +0 dagger.
Okay, then.
You hit the kobold.
You kill the kobold!
There is an open door, spattered with blood here.
You see here a +0 dagger.
A kobold comes into view. It is wielding a +0 club.
A kobold is nearby!
Found a war axe.
The kobold barely misses you.
You hit the kobold.
The kobold is severely wounded.
The kobold hits you but does no damage.
You hit the kobold.
You kill the kobold!
No target in view!
No target in view!
No target in view!
o - a scroll labelled CYR NUIGGITU You see here a +0 war axe.
No target in view!
p - a +0 war axe You open the door.
There is a stone staircase leading down here.
A malevolent force fills the Dungeon...
You fall into a shaft and drop 1 floor!
The shaft crumbles and collapses.
Are you sure you want to abandon this character and quit the game? (Confirm with "yes".)

.. .
##. ...
#.# #.#
#.##.##
#...@.#
#.##..#
#..#
....
...##
.....
....#
##.#.#


There were no monsters in sight!

Vanquished Creatures
  A ball python (D:1)
  2 endoplasms (D:1)
  A giant cockroach (D:1)
  A hobgoblin (D:1)
  A quokka (D:1)
  5 bats (D:1)
  2 goblins (D:1)
  2 kobolds (D:1)
  2 rats (D:1)
17 creatures vanquished.

Notes
Turn   | Place    | Note
-------+----------+-------------------------------------------
     0 | D:1      | ezpacito the Demonspawn Alchemist began the quest for the
                  | Orb.
     0 | D:1      | Reached XP level 1. HP: 13/13 MP: 3/3
   549 | D:1      | Gained mutation: You have a small tail. [demonic ancestry]
   549 | D:1      | Reached XP level 2. HP: 17/19 MP: 0/5
   942 | D:1      | You fall into a shaft and drop 1 floor!
   943 | D:2      | Quit the game

Illustrated notes

Levels and vault maps discovered:
D:1:      dpeg_arrival_arbitrary_a, layout_basic, grunt_decor_arrowhead
D:2:      layout_loops_corners, minmay_misc_feat_pillars

Skill      XL: |  1  2 |
---------------+-------+-----
Dodging        | 2 |  2.0
Fighting       | |  0.1
Armour         | |  0.3
Stealth        | |  1.9
Spellcasting   | |  2.1
Conjurations   | |  1.4
Alchemy        | |  3.1

Action                     || total
---------------------------++-------
  Melee: Short sword       ||    39
         Tailslap          ||     3
   Cast: Sting             ||     7
 Armour: Scale mail        ||    33
         Leather armour    ||     5
         Robe              ||     4
  Dodge: Dodged            ||    33
